 Dungeon Crawl Stone Soup version 0.21-a0-528-gf531e82 (webtiles) character file.

4258 slep the Cleaver (level 10, -12/76 HPs)
             Began as a Demonspawn Gladiator on Dec 9, 2017.
             Was an Elder of Okawaru.
             Mangled by an ogre
             ... wielding a +0 giant spiked club
              (19 damage)
             ... on level 8 of the Dungeon.
             The game lasted 00:34:18 (7699 turns).

slep the Cleaver (Demonspawn Gladiator)             Turns: 7699, Time: 00:34:19

Health: -12/76     AC:  7    Str: 17    XL:     10   Next: 10%
Magic:  0/10       EV: 14    Int:  9    God:    Okawaru [****..]
Gold:   421        SH: 12    Dex: 16    Spells: 9/9 levels left

rFire    . . .     SeeInvis .   E - +0 hand axe (elec)
rCold    . . .     Gourm    .   e - +2 shield
rNeg     . . .     Faith    .   O - +0 leather armour {MR+}
rPois    .         Spirit   +   (no helmet)
rElec    .         Reflect  .   D - scarf {cloud immunity}
rCorr    .         Harm     .   l - +0 pair of gloves
MR       +....     Clarity  +   (no boots)
Stlth    ++........             m - amulet of magic regeneration
HPRegen  0.22/turn              z - -2 ring of dexterity (curse)
MPRegen  0.37/turn              I - ring of wizardry

@: starving
A: claws 2, hooves 1, iridescent scales 2, agile 1, clarity, deformed body,
sense surroundings 1, magic shield
a: Heroism, Renounce Religion


You were on level 8 of the Dungeon.
You worshipped Okawaru.
Okawaru was greatly pleased with you.
You were starving.

You visited 2 branches of the dungeon, and saw 10 of its levels.

You collected 421 gold pieces.

Inventory:

Hand Weapons
 a - a +1 war axe
 E - a +0 hand axe of electrocution (weapon)
Missiles
 d - 3 throwing nets (quivered)
 p - 5 curare-tipped needles
Armour
 b - a +0 leather armour
 c - a +0 helmet
 e - a +2 shield (worn)
 l - a +0 pair of gloves (worn)
 w - a +0 leather armour of fire resistance
 A - a +0 scale mail of cold resistance
 D - a scarf of cloud immunity (worn)
 O - a +0 leather armour of magic resistance (worn)
 Q - a +0 ring mail of poison resistance
Jewellery
 m - an amulet of magic regeneration (around neck)
 q - an uncursed amulet of regeneration
 s - an uncursed amulet of harm
 z - a cursed -2 ring of dexterity (left hand)
 I - a ring of wizardry (right hand)
 M - an uncursed amulet of rage
Wands
 y - a wand of polymorph (8)
 L - a wand of paralysis (30)
 P - a wand of iceblast (9)
Scrolls
 k - 3 scrolls of enchant armour {unknown}
 r - 6 scrolls of identify
 t - a scroll of holy word {unknown}
 v - 6 scrolls of remove curse {unknown}
 x - a scroll of amnesia {unknown}
 B - a scroll of magic mapping {unknown}
 C - 3 scrolls of enchant weapon
 F - 2 scrolls of random uselessness {unknown}
 H - a scroll of immolation {unknown}
 J - 3 scrolls of teleportation {unknown}
Potions
 g - a potion of flight
 h - 4 potions of curing
 j - a potion of invisibility {unknown}
 o - a potion of might
 u - a potion of haste {unknown}
 G - a potion of agility {unknown}
 K - a potion of degeneration {unknown}
 N - a potion of cancellation {unknown}
 R - a potion of ambrosia {unknown}
 S - a potion of lignification
Books
 i - a book of Frost

   Spells                             Type                      Level
   a - Freeze                         Ice                          1
   b - Throw Frost                    Conjuration/Ice              2
   c - Ozocubu's Armour               Charms/Ice                   3
   d - Throw Icicle                   Conjuration/Ice              4
   e - Summon Ice Beast               Ice/Summoning                4
Comestibles
 f - 4 bread rations
 n - 4 royal jellies


   Skills:
 + Level 5.8 Fighting
 + Level 8.1 Axes
 + Level 2.1 Throwing
 + Level 5.0 Armour
 + Level 5.8 Dodging
 + Level 1.6 Stealth
 + Level 6.0 Shields
 + Level 0.4 Unarmed Combat


You had 9 spell levels left.
You didn't know any spells.

Dungeon Overview and Level Annotations

Branches:
Dungeon (9/15)             Temple (1/1) D:5            Lair (0/6) D:8
    Orc: D:9-12

Altars:
Ashenzari
Cheibriados
Dithmenos
Fedhas
Gozag
Hepliaklqana
Kikubaaqudgha
Makhleb
Okawaru
Qazlal
Ru
Sif Muna
Trog
Vehumet
Yredelemnul
Zin
The Shining One

Shops:
D:4 %   D:7 !


Innate Abilities, Weirdness & Mutations

You have very sharp fingernails.
You are mostly covered in iridescent scales. (AC +4)
When hurt, damage is shared between your health and your magic reserves.
You have large cloven feet.
You are agile. (Dex +2)
You possess an exceptional clarity of mind.
Armour fits poorly on your strangely shaped body.
You passively map a small area around you.


Message History

You block the ball python's attack. The ball python misses you.
You block the hound zombie's attack. You block the two-headed ogre's attack.
The two-headed ogre hits you with a giant club!
* * * LOW HITPOINT WARNING * * *
The hound zombie bites you but does no damage.
The ogre barely misses you.
You climb upwards.
There is a stone staircase leading down here.
The two-headed ogre hits you with a giant club!!
* * * LOW HITPOINT WARNING * * *
You block the two-headed ogre's attack. The ogre misses you.
There is an open door here.
Evoke which item? (* to show all) (? for menu, Esc to quit)
Aiming: Paralyse
Press: ? - help, Shift-Dir - straight line, f - ogre
Aim: an ogre, wielding a giant spiked club (chance to defeat MR: 46%)
The ogre resists with some effort.
The ogre hits you with a giant spiked club!!
You die...

.######..#######..........#
...............'....).....#
.######..#######..........#
..# #..##....'..........#
#)# #........#..........#
#)# #........#.[........#
#)# #.>......#O#'########
#.# #........#O#.# #.#
#........#@#.# #.#
#........#.#.# #.#
#........#.#.######### #.#
#####'####.#(........# (.#
### ###########.#
############ _ #_# #.#
...........# 8..,
.."8##*#.# .############...
,....####.#
.#...#.....#>...,
....8#.#.#


You could see a two-headed ogre and an ogre.

Vanquished Creatures
  Joseph (D:7)
  A shadow (D:6)
  Menkaure (D:6)
  Grum (D:8)
  A hungry ghost (D:7)
  Edmund (D:4)
  2 wargs (D:8)
  2 orc warriors
  A black bear (D:8)
  2 phantoms
  2 sky beasts
  An ogre (D:7)
  4 wolves (D:8)
  A centaur (D:8)
  Blork the orc (D:6)
  A big kobold (D:7)
  3 bullfrogs
  2 scorpions (D:6)
  11 killer bees (D:7)
  3 hounds
  4 jellies
  5 orc priests
  6 orc wizards
  A bullfrog skeleton (D:7)
  2 iguanas
  Ijyb (D:4)
  4 worker ants
  A killer bee zombie (D:6)
  A hound zombie (D:5)
  A howler monkey skeleton (D:7)
  11 adders
  2 shadow imps
  9 oozes (D:2)
  An adder skeleton (D:6)
  3 adder zombies
  4 worms
  2 dart slugs
  5 leopard geckos
  18 orcs
  4 ball pythons (D:9)
  6 bats
  6 giant cockroaches
  9 hobgoblins
  6 jackals
  3 quokkas
  4 frilled lizards
  2 goblins
  18 kobolds
  A quokka skeleton (D:5)
  A quokka zombie (D:6)
  4 rats (D:1)
187 creatures vanquished.

Vanquished Creatures (others)
  8 fungi (D:2)
  9 toadstools (D:2)
17 creatures vanquished.

Grand Total: 204 creatures vanquished

Notes
Turn   | Place    | Note
-------+----------+-------------------------------------------
     0 | D:1      | slep the Demonspawn Gladiator began the quest for the Orb.
     0 | D:1      | Reached XP level 1. HP: 16/16 MP: 1/1
   132 | D:1      | Gained mutation: When hurt, damage is shared between your health and your magic reserves. [demonic ancestry]
   132 | D:1      | Reached XP level 2. HP: 4/22 MP: 2/2
   448 | D:1      | Reached skill level 3 in Axes
  1024 | D:2      | Gained mutation: You are partially covered in iridescent scales. (AC +2) [demonic ancestry]
  1024 | D:2      | Reached XP level 3. HP: 8/27 MP: 1/3
  1207 | D:2      | Gained mutation: You have sharp fingernails. [demonic ancestry]
  1207 | D:2      | Reached XP level 4. HP: 20/34 MP: 4/4
  1464 | D:2      | Reached skill level 1 in Armour
  1641 | D:2      | Reached skill level 4 in Axes
  1641 | D:2      | Gained mutation: You are mostly covered in iridescent scales. (AC +4) [demonic ancestry]
  1641 | D:2      | Reached XP level 5. HP: 12/39 MP: 2/5
  1972 | D:2      | Reached skill level 1 in Shields
  1988 | D:2      | Reached XP level 6. HP: 43/47 MP: 6/6
  2138 | D:3      | Found a glowing silver altar of Zin.
  2459 | D:3      | Found a bloodstained altar of Trog.
  2754 | D:4      | Reached skill level 5 in Axes
  2834 | D:4      | Noticed Ijyb
  2848 | D:4      | Killed Ijyb
  2848 | D:4      | Reached XP level 7. HP: 52/52 MP: 7/7
  2849 | D:4      | Found an ancient bone altar of Kikubaaqudgha.
  2914 | D:4      | Noticed Edmund
  2929 | D:4      | Killed Edmund
  3052 | D:4      | Found Ablacen's Food Shop.
  3492 | D:5      | Entered Level 5 of the Dungeon
  3884 | D:5      | Found a staircase to the Ecumenical Temple.
  3938 | D:5      | Found a burning altar of Makhleb.
  4162 | Temple   | Entered the Ecumenical Temple
  4175 | Temple   | Became a worshipper of Warmaster Okawaru
  4294 | D:6      | Noticed Menkaure
  4295 | D:6      | Noticed a shadow
  4312 | D:6      | Killed a shadow
  4312 | D:6      | Reached skill level 6 in Axes
  4320 | D:6      | Reached XP level 8. HP: 60/60 MP: 8/8
  4325 | D:6      | Killed Menkaure
  4373 | D:6      | Noticed Blork the orc
  4385 | D:6      | Killed Blork the orc
  4412 | D:6      | Reached * piety under Okawaru
  4634 | D:5      | Found a glowing golden altar of the Shining One.
  5151 | D:7      | Found a hazy altar of Hepliaklqana.
  5151 | D:7      | Found a basalt altar of Yredelemnul.
  5166 | D:7      | Paralysed by fainting for 12 turns
  5210 | D:7      | Reached skill level 1 in Stealth
  5230 | D:7      | Found Hutuock's Distillery.
  5278 | D:7      | Reached skill level 7 in Axes
  5359 | D:7      | Noticed Joseph
  5387 | D:7      | Killed Joseph
  5387 | D:7      | Reached ** piety under Okawaru
  5387 | D:7      | Gained mutation: You have very sharp fingernails. [demonic ancestry]
  5387 | D:7      | Reached XP level 9. HP: 22/66 MP: 2/9
  5815 | D:7      | Reached skill level 5 in Fighting
  5817 | D:7      | Gained mutation: You have a pair of small horns on your head. [potion of mutation]
  5817 | D:7      | Gained mutation: You have large cloven feet. [potion of mutation]
  6251 | D:8      | Found a radiant altar of Vehumet.
  6251 | D:8      | Found an opulent altar of Gozag.
  6317 | D:8      | Noticed Grum
  6327 | D:8      | Reached skill level 5 in Dodging
  6329 | D:8      | Reached *** piety under Okawaru
  6341 | D:8      | Reached skill level 5 in Shields
  6356 | D:8      | Lost mutation: You have a pair of small horns on your head. [potion of mutation]
  6356 | D:8      | Gained mutation: You possess an exceptional clarity of mind. [potion of mutation]
  6356 | D:8      | Gained mutation: Armour fits poorly on your strangely shaped body. [potion of mutation]
  6356 | D:8      | Gained mutation: Your mind is acute. (Int +2) [potion of mutation]
  6356 | D:8      | Gained mutation: Your system is resistant to poisons. (rPois) [potion of mutation]
  6366 | D:8      | Killed Grum
  6443 | D:8      | Reached skill level 8 in Axes
  6625 | D:8      | Reached XP level 10. HP: 74/76 MP: 10/10
  6630 | D:8      | Found a blossoming altar of Fedhas.
  6759 | D:8      | Found a staircase to the Lair.
  6991 | D:8      | Found a stormy altar of Qazlal.
  7509 | D:9      | Reached skill level 5 in Armour
  7513 | D:9      | Gained mutation: You passively map a small area around you. [mutagenic meat]
  7514 | D:9      | Gained mutation: You are clumsy. (Dex -2) [mutagenic meat]
  7515 | D:9      | Lost mutation: Your system is resistant to poisons. (rPois) [mutagenic meat]
  7516 | D:9      | Lost mutation: Your mind is acute. (Int +2) [mutagenic meat]
  7558 | D:9      | Noticed a two-headed ogre
  7591 | D:8      | Reached **** piety under Okawaru
  7595 | D:8      | Lost mutation: You are clumsy. (Dex -2) [mutagenic meat]
  7596 | D:8      | Gained mutation: You are agile. (Dex +2) [mutagenic meat]
  7699 | D:8      | Mangled by an ogre

Vault maps used:
D:1:      grunt_arrival_lava_bath, minmay_misc_feat_chi
D:2:      cheibrodos_fertilizer
D:3:      zin_academy, overflow_temple_1_default, first_bread
D:4:      lemuel_crystal_altar, serial_shops, nicolae_shop_behind_doors,
          kennysheep_potato, uniq_ijyb, uniq_edmund
D:5:      lemuel_round_altar, kennysheep_mini, minmay_temple_entry_from_below_b
D:6:      hangedman_minor_gate_pass, uniq_blork_the_orc, uniq_menkaure
D:7:      grunt_temple_overflow_open, serial_shops, shop, interstate_on_off,
          uniq_joseph
D:8:      nicolae_overflow_hidden_temple, nicolae_qazlal_eye_of_the_storm,
          erik_lair_orcish_takeover, uniq_grum
D:9:      basic_altar, grunt_ogre_cave, minivault_16, introduction_to_nature_1
Temple:   eino_wide_crystal_templ

Skill      XL: |  1  2  3  4  5  6  7  8  9 10 |
---------------+-------------------------------+-----
Throwing       | 2 |  2.1
Axes           | 3 4 5 6 7 8 |  8.1
Dodging        | 3 4 5 |  5.8
Armour         | 1 2 4 5 |  5.0
Fighting       | 3 4 5 |  5.8
Shields        | 1 2 3 5 6 |  6.0
Stealth        | 1 |  1.6
Unarmed Combat | |  0.4

Action                   |  1- 3 |  4- 6 |  7- 9 | 10-12 || total
-------------------------+-------+-------+-------+-------++-------
Melee: War axe           |    96 |   180 |    30 |       ||   306
       Unarmed           |       |    11 |       |       ||    11
       Hand axe          |       |       |   410 |    85 ||   495
       Kick              |       |       |    33 |    19 ||    52
       Headbutt          |       |       |     7 |       ||     7
Throw: Throwing net      |       |       |     1 |       ||     1
Evoke: Wand              |       |       |       |     1 ||     1
  Use: Scroll            |     3 |       |       |       ||     3
       Potion            |       |       |     6 |       ||     6
 Stab: Sleeping          |     1 |       |       |     1 ||     2
  Eat: Chunk             |     1 |     6 |    11 |     8 ||    26
       Bread ration      |       |       |     1 |       ||     1
Armor: Leather armour    |    29 |    53 |    41 |    26 ||   149
       Skin              |       |     3 |    27 |       ||    30
       Scale mail        |       |       |    89 |       ||    89
       Ring mail         |       |       |       |     1 ||     1
Dodge: Dodged            |    57 |    78 |   142 |    17 ||   294
Block: Shield            |    26 |   102 |   237 |    33 ||   398

Table legend:
 A = Spawn XP
 B = Non-spawn XP
 C = Spawn XP percentage of total XP
 D = Spawn monster count
 E = Non-spawn monster count
 F = Spawn count percentage of total count
 G = Total turns spent on level
                    A         B        C        D         E        F      G
               +---------+---------+-------+---------+---------+-------+---------
         Total |       0 |    6084 |   0.0 |       0 |     187 |   0.0 |  7699
               +---------+---------+-------+---------+---------+-------+---------
           D:1 |       0 |      37 |   0.0 |       0 |      22 |   0.0 |   965
           D:2 |       0 |     407 |   0.0 |       0 |      48 |   0.0 |  1156
           D:3 |       0 |      24 |   0.0 |       0 |       9 |   0.0 |   469
           D:4 |       0 |     536 |   0.0 |       0 |      16 |   0.0 |   902
           D:5 |       0 |      79 |   0.0 |       0 |       9 |   0.0 |   966
           D:6 |       0 |     847 |   0.0 |       0 |      18 |   0.0 |   664
           D:7 |       0 |    1925 |   0.0 |       0 |      31 |   0.0 |  1087
           D:8 |       0 |    1999 |   0.0 |       0 |      25 |   0.0 |  1361
           D:9 |       0 |     230 |   0.0 |       0 |       9 |   0.0 |   100
               +---------+---------+-------+---------+---------+-------+---------
